 Dungeon Crawl Stone Soup version 0.18.1-48-g4cf74bf (webtiles) character file.

5835 Heedrag the Cleaver (level 10, -6/88 HPs)
             Began as a Minotaur Fighter on Aug 13, 2016.
             Was a High Priest of Okawaru.
             Mangled by an orc warrior
             ... wielding a +0 scimitar
              (11 damage)
             ... on level 9 of the Dungeon.
             The game lasted 00:17:32 (8192 turns).

Heedrag the Cleaver (Minotaur Fighter)              Turns: 8192, Time: 00:17:33

Health: -6/88      AC: 13    Str: 23      XL:     10   Next: 51%
Magic:  12/13      EV: 11    Int:  5      God:    Okawaru [*****.]
Gold:   429        SH: 13    Dex:  9 (11) Spells: 0 memorised, 9 levels left

rFire  . . .     SeeInvis .     a - +0 war axe
rCold  . . .     Gourm    .     b - +0 scale mail
rNeg   + . .     Faith    .     c - +0 shield
rPois  .         Spirit   .     (helmet restricted)
rElec  .         Dismiss  .     (no cloak)
rCorr  .         Reflect  .     h - +0 pair of gloves
SustAt .         Harm     .     r - +1 pair of boots
MR     +....                    (no amulet)
Stlth  +.........               A - ring of protection from magic
                                Q - ring of positive energy

@: heroism, somewhat resistant to hostile enchantments, very unstealthy
A: retaliatory headbutt, horns 2
a: Heroism, Finesse, Renounce Religion


You were on level 9 of the Dungeon.
You worshipped Okawaru.
Okawaru was extremely pleased with you.
You were not hungry.

You visited 2 branches of the dungeon, and saw 10 of its levels.

You collected 429 gold pieces.

Inventory:

Hand Weapons
 a - a +0 war axe (weapon)
 G - a cursed +0 mace
 M - a +1 short sword of flaming
Armour
 b - a +0 scale mail (worn)
 c - a +0 shield (worn)
 h - a +0 pair of gloves (worn)
 m - a +1 pair of boots
 r - a +1 pair of boots (worn)
 K - the +2 chain mail of Divine Compulsion {Regen+ Dex+3 Slay-6}
   (You found it on level 7 of the Dungeon)

   It affects your dexterity (+3).
   It affects your accuracy and damage with ranged weapons and melee attacks
   (-6).
   It increases your rate of regeneration.
Jewellery
 s - a +3 ring of protection
 A - a ring of protection from magic (right hand)
 P - an uncursed ring of wizardry
 Q - a ring of positive energy (left hand)
Wands
 H - a wand of digging (11/24)
Scrolls
 i - 4 scrolls of remove curse {unknown}
 j - 3 scrolls of blinking {unknown}
 k - 6 scrolls of identify
 l - 2 scrolls of recharging {unknown}
 u - a scroll of random uselessness {unknown}
 w - 8 scrolls of teleportation {unknown}
 y - 2 scrolls of amnesia {unknown}
 C - 4 scrolls of noise {unknown}
 E - a scroll of magic mapping {unknown}
 F - a scroll of immolation {unknown}
 L - a scroll of enchant armour {unknown}
Potions
 d - a potion of might
 e - 2 potions of haste {unknown}
 g - 4 potions of invisibility {unknown}
 o - 3 potions of curing {unknown}
 p - 2 potions of heal wounds {unknown}
 q - 4 potions of lignification {unknown}
 x - 3 potions of agility {unknown}
 B - 2 potions of berserk rage {unknown}
Books
 n - a Fen Folio

   Spells                             Type                      Level
   a - Corpse Rot                     Necromancy                   2
   b - Stone Arrow                    Conjuration/Earth            3
   c - Leda's Liquefaction            Hexes/Earth                  4
   d - Summon Forest                  Summoning/Translocation      5
   e - Hydra Form                     Transmutation                6
   f - Summon Hydra                   Summoning                    7
 v - a book of Death

   Spells                             Type                      Level
   a - Corpse Rot                     Necromancy                   2
   b - Sublimation of Blood           Necromancy                   2
   c - Agony                          Necromancy                   5
   d - Dispel Undead                  Necromancy                   5
   e - Excruciating Wounds            Charms/Necromancy            5
   f - Bolt of Draining               Conjuration/Necromancy       5
 N - a book of Party Tricks

   Spells                             Type                      Level
   a - Summon Butterflies             Summoning                    1
   b - Apportation                    Translocation                1
   c - Tukima's Dance                 Hexes                        3
   d - Alistair's Intoxication        Transmutation/Poison         5
   e - Invisibility                   Hexes                        6
Comestibles
 f - 8 bread rations
 t - 5 slices of pizza
 z - 3 beef jerkies
 D - a meat ration


   Skills:
 + Level 8.0(13.0) Fighting
 * Level 12.7(17.7) Axes
 + Level 7.6(12.6) Armour
 + Level 7.6(12.6) Shields
 + Level 5.9 Invocations


You had 9 spell levels left.
You didn't know any spells.

Dungeon Overview and Level Annotations

Branches:
Dungeon (9/15)             Temple (1/1) D:4
   Lair: D:8-11         Orc: D:9-12

Altars:
Ashenzari
Cheibriados
Dithmenos
Elyvilon
Fedhas
Gozag
Kikubaaqudgha
Makhleb
Nemelex Xobeh
Okawaru
Pakellas
Qazlal
Ru
Sif Muna
Trog
Vehumet
Xom
Yredelemnul
Zin
The Shining One

Shops:
D:8 }

Annotations:
D:9 Maurice


Innate Abilities, Weirdness & Mutations

You reflexively headbutt those who attack you in melee.
You have a pair of horns on your head.


Message History

Ye feel a bit more 'sperienced.
Ye slash tha orc wizard!
Tha orc wizard be severely wounded.
Tha orc wizard hits ye but does nay damage.
Ye hit tha orc wizard.
Yer headbutt misses tha orc wizard.
Tha orc wizard be almost dead.
Ye block tha orc wizard's attack.
Ye slash tha orc wizard!
Ye kill tha orc wizard!
Okawaru accepts yer kill.
Ye slash tha orc!
Ye kill tha orc!
Okawaru accepts yer kill.
Tha orc priest mumbles some strange prayers ta Beogh against ye.
Beogh smites ye!
* * * LOW HITPOINT WARNIN'
* * * Somethin' hits ye but does nay damage.
Deactivatin' autopickup; reactivate wit' Ctrl-A.
Tha orc warrior hits ye wit' a scimitar!
Ye die...

#8## #...#.. ##oo.%...
###########
####.oo.....
..........#
#.(){ooo....
######.##.#
#o####o{.#..
##.##.##### ##o## #o##
#.........###.o.######
#..##.###...@o.....#
#..##.###.###o..##.#
#....................
#.......[.............
#.....#[..#.#...#.....
#
#......#.#...#.#.......
#
#...#...#.....#...#....
#
#....#..#.....#..#....#
# ##.#...###.....#
#...#.#


You could see an orc warrior, an orc priest and 3 orcs.

Vanquished Creatures
  A spriggan (D:8)
  4 yaks
  The ghost of OTRawrior the Digger, an amateur GrEE (D:3)
  5 orc warriors
  3 ice beasts
  A sky beast (D:8)
  8 ogres
  3 centaurs
  15 big kobolds (D:8)
  3 giant frogs
  6 killer bees (D:7)
  5 wights (D:7)
  9 howler monkeys
  7 crimson imps
  A giant frog zombie (D:8)
  2 hounds
  A giant frog skeleton (D:7)
  A jelly (D:9)
  6 orc priests
  8 orc wizards
  An iguana (D:4)
  5 worker ants
  A hound zombie (D:9)
  A hound skeleton (D:4)
  14 adders
  A shadow imp (D:8)
  2 oozes
  3 worms (D:2)
  4 dart slugs
  4 giant geckos
  18 orcs
  4 giant cockroaches
  8 goblins
  8 hobgoblins
  9 jackals
  4 quokkas
  2 ball pythons
  8 bats
  A giant gecko skeleton (D:4)
  A giant gecko zombie (D:6)
  6 giant newts
  21 kobolds
  A quokka skeleton (D:8)
  5 rats
222 creatures vanquished.

Notes
Turn   | Place    | Note
--------------------------------------------------------------
     0 | D:1      | Heedrag the Minotaur Fighter began the quest for the Orb.
     0 | D:1      | Reached XP level 1. HP: 19/19 MP: 0/0
   111 | D:1      | Reached skill level 3 in Axes
   186 | D:1      | Reached XP level 2. HP: 26/26 MP: 1/1
   421 | D:1      | Reached skill level 4 in Axes
   476 | D:1      | Reached XP level 3. HP: 27/31 MP: 2/2
   783 | D:2      | Reached skill level 5 in Axes
  1031 | D:2      | Reached XP level 4. HP: 32/39 MP: 3/3
  1711 | D:2      | Reached skill level 6 in Axes
  1983 | D:3      | Noticed OTRawrior's ghost (amateur GrEE)
  2013 | D:3      | Killed OTRawrior's ghost
  2013 | D:3      | Reached skill level 7 in Axes
  2013 | D:3      | Reached XP level 5. HP: 30/45 MP: 4/4
  2137 | D:3      | Noticed a centaur
  2145 | D:3      | Killed a centaur
  2145 | D:3      | Reached skill level 8 in Axes
  2145 | D:3      | Reached XP level 6. HP: 35/51 MP: 5/5
  2763 | D:4      | Found a staircase to the Ecumenical Temple.
  2770 | Temple   | Entered the Ecumenical Temple
  3066 | D:4      | Found a stormy altar of Qazlal.
  3067 | D:4      | Found a bloodstained altar of Trog.
  3069 | D:4      | Found an iron altar of Okawaru.
  3076 | D:4      | Found a shimmering altar of Xom.
  3417 | D:4      | Found a shadowy altar of Dithmenos.
  3417 | D:4      | Found a shattered altar of Ashenzari.
  3417 | D:4      | Found a burning altar of Makhleb.
  3417 | D:4      | Found a white marble altar of Elyvilon.
  3418 | D:4      | Found a sacrificial altar of Ru.
  3425 | D:4      | Became a worshipper of Warmaster Okawaru
  3430 | D:4      | Found an oddly glowing altar of Pakellas.
  3432 | D:4      | Found an opulent altar of Gozag.
  3523 | D:5      | Entered Level 5 of the Dungeon
  3721 | D:5      | Reached skill level 1 in Invocations
  3760 | D:5      | Reached skill level 9 in Axes
  3760 | D:5      | Reached XP level 7. HP: 43/57 MP: 5/7
  3959 | D:5      | Reached * piety under Okawaru
  4680 | D:6      | Reached XP level 8. HP: 45/67 MP: 8/8
  4687 | D:6      | Reached ** piety under Okawaru
  4687 | D:6      | Reached skill level 10 in Axes
  5372 | D:7      | Reached skill level 5 in Fighting
  5372 | D:7      | Reached skill level 5 in Armour
  5372 | D:7      | Reached skill level 5 in Shields
  5561 | D:7      | Got a faintly humming chain mail
  5562 | D:7      | Identified the +2 chain mail of Divine Compulsion {Regen+ Dex+3 Slay-6} (You found it on level 7 of the Dungeon)
  5729 | D:7      | Reached *** piety under Okawaru
  5729 | D:7      | Reached skill level 11 in Axes
  5915 | D:7      | Reached XP level 9. HP: 72/75 MP: 7/10
  6474 | D:7      | Found a burning altar of Makhleb.
  6558 | D:8      | Found a glowing golden altar of the Shining One.
  6563 | D:8      | Found Pyotostre's Gadget Emporium.
  6740 | D:8      | Reached **** piety under Okawaru
  6743 | D:8      | Reached skill level 12 in Axes
  6743 | D:8      | Reached skill level 5 in Invocations
  7055 | D:8      | Reached XP level 10. HP: 71/86 MP: 12/12
  7103 | D:8      | Found an iron altar of Okawaru.
  7321 | D:9      | Noticed Maurice
  7346 | D:8      | Reached ***** piety under Okawaru
  8192 | D:9      | Mangled by an orc warrior

Skill      XL: |  1  2  3  4  5  6  7  8  9 10 |
---------------+-------------------------------+-----
Axes           | 3 4 5 7 8 9 11 12 | 12.7
Invocations    | 1 2 3 5 |  5.9
Armour         | 4 5 7 |  7.6
Shields        | 4 5 6 7 |  7.6
Fighting       | 4 5 7 8 |  8.0

Action                   |  1- 3 |  4- 6 |  7- 9 | 10-12 || total
-------------------------+-------+-------+-------+-------++-------
Melee: War axe           |    75 |   201 |   369 |   130 ||   775
       Headbutt          |     9 |    26 |    62 |    24 ||   121
Invok: Heroism           |       |       |     1 |     1 ||     2
  Use: Scroll            |       |       |     1 |     2 ||     3
       Potion            |       |       |       |     3 ||     3
  Eat: Chunk             |       |     9 |    11 |     4 ||    24
Armor: Scale mail        |    31 |    98 |   154 |    38 ||   321
Dodge: Dodged            |    31 |    40 |    72 |    22 ||   165
Block: Shield            |    33 |    90 |   165 |    53 ||   341
